TOP OF THE 1ST |
California Angels batting - Pitching for Seattle Mariners : RHP Bas Kooy
|
Pitching: RHP Bas Kooy
|
|
Batting: RHB Bjoern Waltersson
|
0-0: Ball 1-0: Foul Ball, location: 2F 1-1: Swinging Strike 1-2: Ball 2-2: Strikes out looking
|
Batting: RHB Alain Delhaye
|
0-0: Foul Ball, location: 2F 0-1: Called Strike 0-2: Reached on error, E6 (Groundball, 6, EV 102.5 MPH)
|
Batting: RHB Preston Deakyne
|
0-0: Called Strike Alain Delhaye is caught stealing 2nd base 2-4 0-1: Called Strike 0-2: Foul Ball, location: 2F 0-2: Ball 1-2: Ball 2-2: Fly out, F7 (Line Drive, 78M, EV 110.6 MPH)
|
Top of the 1st over - 0 runs, 0 hits, 1 error, 0 left on base; California 0 - Seattle 0 |
BOTTOM OF THE 1ST |
Seattle Mariners batting - Pitching for California Angels : LHP Jon Curtis
|
Pitching: LHP Jon Curtis
|
|
Batting: LHB Bi-jun Chien
|
0-0: Called Strike 0-1: Ball 1-1: Ground out 4-3 (Groundball, 4, EV 85.6 MPH)
|
Batting: SHB Floyd-William Goof
|
0-0: Ball 1-0: Called Strike 1-1: SINGLE (Groundball, 56S, EV 66.9 MPH) (infield hit)
|
Batting: RHB Jimmy Hammertime
|
0-0: Called Strike 0-1: Grounds into double play, 5-4-3 (Groundball, 56, EV 77.5 MPH)
|
Bottom of the 1st over - 0 runs, 1 hit, 0 errors, 0 left on base; California 0 - Seattle 0 |
TOP OF THE 2ND |
California Angels batting - Pitching for Seattle Mariners : RHP Bas Kooy
|
Batting: SHB Mario Padron
|
0-0: SINGLE (Flyball, 7S, EV 89.4 MPH)
|
Batting: LHB Micah Miller
|
0-0: Called Strike 0-1: 2-RUN HOME RUN (Flyball, 89XD, EV 106.2 MPH), Distance : 412 ft
|
Batting: LHB Javier Trujillo
|
0-0: Ground out U3 (Groundball, 3L, EV 89.4 MPH)
|
Batting: RHB Jasper Burd
|
0-0: Called Strike 0-1: SOLO HOME RUN (Flyball, 9D, EV 95.0 MPH), Distance : 380 ft
|
Batting: RHB Mike Harkins
|
0-0: Foul Ball, location: 2F 0-1: Foul Ball, location: 2F 0-2: Ball 1-2: Foul Ball, location: 2F 1-2: Strikes out swinging
|
Batting: RHB Danny Odom
|
0-0: Ball 1-0: Foul Ball, location: 2F 1-1: Fly out, F7 (Flyball, 7LS, EV 73.1 MPH)
|
Top of the 2nd over - 3 runs, 3 hits, 0 errors, 0 left on base; California 3 - Seattle 0 |
BOTTOM OF THE 2ND |
Seattle Mariners batting - Pitching for California Angels : LHP Jon Curtis
|
Batting: RHB Bobby Larson
|
0-0: Called Strike 0-1: Ball 1-1: Ground out 5-3 (Groundball, 56S, EV 67.5 MPH)
|
Batting: RHB Jose Vasquez
|
0-0: Swinging Strike 0-1: Foul Ball, location: 2F 0-2: Foul Ball, location: 2F 0-2: Ball 1-2: Strikes out swinging
|
Batting: LHB Dae-ik Yoon
|
0-0: Ball 1-0: Called Strike 1-1: Called Strike 1-2: Ball 2-2: Foul Ball, location: 2F 2-2: Foul Ball, location: 2F 2-2: Ball 3-2: Fly out, F8 (Flyball, 8LS, EV 83.8 MPH)
|
Bottom of the 2nd over - 0 runs, 0 hits, 0 errors, 0 left on base; California 3 - Seattle 0 |
TOP OF THE 3RD |
California Angels batting - Pitching for Seattle Mariners : RHP Bas Kooy
|
Batting: RHB Bjoern Waltersson
|
0-0: Ball 1-0: Called Strike 1-1: Foul Ball, location: 2F 1-2: Fly out, F7 (Line Drive, 78S, EV 98.1 MPH)
|
Batting: RHB Alain Delhaye
|
0-0: Ball 1-0: Foul Ball, location: 2F 1-1: Called Strike 1-2: Foul Ball, location: 2F 1-2: Ball 2-2: Foul Ball, location: 2F 2-2: Foul Ball, location: 2F 2-2: Ground out 6-3 (Groundball, 6MD, EV 86.2 MPH)
|
Batting: RHB Preston Deakyne
|
0-0: Ball 1-0: Fly out, F8 (Line Drive, 8LM, EV 100.0 MPH)
|
Top of the 3rd over - 0 runs, 0 hits, 0 errors, 0 left on base; California 3 - Seattle 0 |
BOTTOM OF THE 3RD |
Seattle Mariners batting - Pitching for California Angels : LHP Jon Curtis
|
Batting: RHB Harutomi Matsubara
|
0-0: Ball 1-0: DOUBLE (Flyball, 89D, EV 113.8 MPH)
|
Batting: RHB Malik Brookshire
|
0-0: Ball 1-0: SINGLE (Groundball, 56D, EV 98.8 MPH) Harutomi Matsubara to third
|
Batting: RHB Young-kwang Ohnn
|
0-0: Foul Ball, location: 2F 0-1: Ground out 4-3 (Groundball, 13, EV 84.4 MPH) Harutomi Matsubara scores Malik Brookshire to second
|
Batting: LHB Bi-jun Chien
|
0-0: Fly out, F8 (Flyball, 8LD, EV 107.5 MPH) Runner from 2nd tags up, SAFE at 3rd with throw by CF
|
Batting: SHB Floyd-William Goof
|
0-0: Ball 1-0: Ball 2-0: SINGLE (Line Drive, 34D, EV 106.2 MPH) Malik Brookshire scores
|
Batting: RHB Jimmy Hammertime
|
0-0: Ball 1-0: Foul Ball, location: 2F 1-1: Ball 2-1: Ball 3-1: SINGLE (Groundball, 56D, EV 101.2 MPH) Floyd-William Goof to second Runner from 2nd tries for 3rd, SAFE, throw by LF made to third
|
Batting: RHB Bobby Larson
|
0-0: Ball 1-0: Called Strike 1-1: Ball 2-1: Ball 3-1: Base on Balls Jimmy Hammertime to second
|
Batting: RHB Jose Vasquez
|
0-0: Ball 1-0: Called Strike 1-1: Called Strike 1-2: Foul Ball, location: 2F 1-2: Ball 2-2: Foul Ball, location: 2F 2-2: Fly out, F7 (Flyball, 7LSF, EV 78.8 MPH)
|
Bottom of the 3rd over - 2 runs, 4 hits, 0 errors, 3 left on base; California 3 - Seattle 2 |
TOP OF THE 4TH |
California Angels batting - Pitching for Seattle Mariners : RHP Bas Kooy
|
Batting: SHB Mario Padron
|
0-0: Ball 1-0: Called Strike 1-1: DOUBLE (Line Drive, 78D, EV 103.8 MPH)
|
Batting: LHB Micah Miller
|
0-0: Called Strike 0-1: Fly out, F8 (Flyball, 78D, EV 83.1 MPH)
|
Batting: LHB Javier Trujillo
|
0-0: Ball 1-0: Ball 2-0: Called Strike 2-1: Swinging Strike 2-2: Strikes out swinging
|
Batting: RHB Jasper Burd
|
0-0: Swinging Strike 0-1: Hit by Pitch
|
Batting: RHB Mike Harkins
|
0-0: Called Strike 0-1: SINGLE (Groundball, 34D, EV 95.6 MPH) Mario Padron to third Jasper Burd to second Runner from 3rd tries for Home, SAFE, throw by RF to home
|
Batting: RHB Danny Odom
|
0-0: Foul Ball, location: 2F 0-1: Foul Ball, location: 2F 0-2: Strikes out swinging
|
Top of the 4th over - 1 run, 2 hits, 0 errors, 2 left on base; California 4 - Seattle 2 |
BOTTOM OF THE 4TH |
Seattle Mariners batting - Pitching for California Angels : LHP Jon Curtis
|
Batting: LHB Dae-ik Yoon
|
0-0: Ball 1-0: Foul Ball, location: 2F 1-1: Ground out 6-3 (Groundball, 6M, EV 104.4 MPH)
|
Batting: RHB Harutomi Matsubara
|
0-0: Called Strike 0-1: Swinging Strike 0-2: Foul Ball, location: 2F 0-2: Ball 1-2: Ball 2-2: Foul Ball, location: 2F 2-2: SINGLE (Groundball, 4MD, EV 101.9 MPH)
|
Batting: RHB Malik Brookshire
|
0-0: Called Strike 0-1: Swinging Strike 0-2: Ball 1-2: Ball 2-2: Ball 3-2: Strikes out swinging
|
Batting: RHB Young-kwang Ohnn
|
0-0: Ball Harutomi Matsubara is caught stealing 2nd base 2-4
|
Bottom of the 4th over - 0 runs, 1 hit, 0 errors, 0 left on base; California 4 - Seattle 2 |
TOP OF THE 5TH |
California Angels batting - Pitching for Seattle Mariners : RHP Bas Kooy
|
Batting: RHB Bjoern Waltersson
|
0-0: Ball 1-0: Called Strike 1-1: DOUBLE (Line Drive, 89XD, EV 111.2 MPH)
|
Batting: RHB Alain Delhaye
|
0-0: Ground out 6-3 (Groundball, 6S, EV 81.2 MPH) Bjoern Waltersson to third
|
Batting: RHB Preston Deakyne
|
0-0: Called Strike 0-1: SINGLE (Flyball, 8RM, EV 90.6 MPH) Bjoern Waltersson scores
|
Pitching: RHP Jesse Crockett
|
|
Batting: SHB Mario Padron
|
0-0: DOUBLE (Flyball, 8RXD, EV 102.5 MPH) Preston Deakyne to third Runner from 3rd tries for Home, SAFE, no throw by CF
|
Batting: LHB Micah Miller
|
0-0: Called Strike 0-1: Called Strike 0-2: Strikes out swinging
|
Batting: LHB Javier Trujillo
|
0-0: Called Strike 0-1: Ball 1-1: Called Strike 1-2: Strikes out swinging
|
Top of the 5th over - 2 runs, 3 hits, 0 errors, 1 left on base; California 6 - Seattle 2 |
BOTTOM OF THE 5TH |
Seattle Mariners batting - Pitching for California Angels : LHP Jon Curtis
|
Batting: RHB Young-kwang Ohnn
|
0-0: Ball 1-0: SINGLE (Line Drive, 34D, EV 100.0 MPH)
|
Batting: LHB Bi-jun Chien
|
0-0: Called Strike 0-1: Hit by Pitch Young-kwang Ohnn to second
|
Batting: SHB Floyd-William Goof
|
0-0: Ball 1-0: Ball 2-0: Fly out, F8 (Flyball, 78S, EV 86.2 MPH)
|
Batting: RHB Jimmy Hammertime
|
0-0: Ball 1-0: Ball 2-0: Fly out, F3 (Line Drive, 3L, EV 73.8 MPH)
|
Batting: RHB Bobby Larson
|
0-0: Ball 1-0: Ball 2-0: Called Strike 2-1: Foul Ball, location: 2F 2-2: Foul Ball, location: 2F 2-2: Ball 3-2: Base on Balls Young-kwang Ohnn to third Bi-jun Chien to second
|
Batting: RHB Jose Vasquez
|
0-0: DOUBLE (Flyball, 89D, EV 94.4 MPH) Young-kwang Ohnn scores Bi-jun Chien scores Bobby Larson to third
|
Batting: LHB Dae-ik Yoon
|
0-0: Ball 1-0: Called Strike 1-1: Ball 2-1: Called Strike 2-2: Ball 3-2: Base on Balls
|
Batting: RHB Harutomi Matsubara
|
0-0: Ground out 5-3 (Groundball, 56S, EV 82.5 MPH)
|
Bottom of the 5th over - 2 runs, 2 hits, 0 errors, 3 left on base; California 6 - Seattle 4 |
TOP OF THE 6TH |
California Angels batting - Pitching for Seattle Mariners : RHP Jesse Crockett
|
Batting: RHB Jasper Burd
|
0-0: Ball 1-0: Called Strike 1-1: Ball 2-1: Foul Ball, location: 2F 2-2: Foul Ball, location: 2F 2-2: Foul Ball, location: 2F 2-2: Ball 3-2: Ground out 4-3 (Groundball, 4, EV 80.6 MPH)
|
Batting: RHB Mike Harkins
|
0-0: Called Strike 0-1: Foul Ball, location: 2F 0-2: Foul Ball, location: 2F 0-2: Fly out, F4 (Popup, 23, EV 85.0 MPH)
|
Batting: RHB Danny Odom
|
0-0: Ball 1-0: Swinging Strike 1-1: Fly out, F6 (Line Drive, 6M, EV 76.9 MPH)
|
Top of the 6th over - 0 runs, 0 hits, 0 errors, 0 left on base; California 6 - Seattle 4 |
BOTTOM OF THE 6TH |
Seattle Mariners batting - Pitching for California Angels : LHP Jon Curtis
|
Batting: RHB Malik Brookshire
|
0-0: Ball 1-0: Swinging Strike 1-1: Ball 2-1: Foul Ball, location: 2F 2-2: Ball 3-2: Strikes out swinging
|
Batting: RHB Young-kwang Ohnn
|
0-0: Called Strike 0-1: Ball 1-1: Ball 2-1: Called Strike 2-2: Ball 3-2: Foul Ball, location: 2F 3-2: Ground out 3-1 (Groundball, 34, EV 100.6 MPH)
|
Batting: LHB Bi-jun Chien
|
0-0: Ball 1-0: Swinging Strike 1-1: Ball 2-1: DOUBLE (Line Drive, 9LM, EV 110.0 MPH)
|
Pitching: RHP George Rosario
|
|
Batting: SHB Floyd-William Goof
|
0-0: Ball 1-0: Called Strike 1-1: Foul Ball, location: 2F 1-2: Ball 2-2: Fly out, F4 (Popup, 4M, EV 78.1 MPH)
|
Bottom of the 6th over - 0 runs, 1 hit, 0 errors, 1 left on base; California 6 - Seattle 4 |
TOP OF THE 7TH |
California Angels batting - Pitching for Seattle Mariners : RHP Jesse Crockett
|
Batting: RHB Bjoern Waltersson
|
0-0: Fly out, F9 (Flyball, 9, EV 80.6 MPH)
|
Batting: RHB Alain Delhaye
|
0-0: Foul Ball, location: 2F 0-1: Foul Ball, location: 2F 0-2: Ball 1-2: Ball 2-2: Ball 3-2: Foul Ball, location: 2F 3-2: Strikes out swinging
|
Batting: RHB Preston Deakyne
|
0-0: Ground out 4-3 (Groundball, 4, EV 86.2 MPH)
|
Top of the 7th over - 0 runs, 0 hits, 0 errors, 0 left on base; California 6 - Seattle 4 |
BOTTOM OF THE 7TH |
Seattle Mariners batting - Pitching for California Angels : RHP George Rosario
|
Pitching: RHP Ben Sedlacek
|
|
Batting: RHB Jimmy Hammertime
|
0-0: Ball 1-0: Ball 2-0: Ball 3-0: Called Strike 3-1: Ground out 6-3 (Groundball, 6, EV 86.2 MPH)
|
Batting: RHB Bobby Larson
|
0-0: Called Strike 0-1: Foul Ball, location: 2F 0-2: Ball 1-2: Foul Ball, location: 2F 1-2: Fly out, F9 (Line Drive, 89S, EV 98.1 MPH)
|
Batting: RHB Jose Vasquez
|
0-0: Ball 1-0: SINGLE (Line Drive, 34D, EV 99.4 MPH)
|
Batting: LHB Dae-ik Yoon
|
0-0: Ball 1-0: Ball 2-0: Foul Ball, location: 2F 2-1: Ball 3-1: Foul Ball, location: 2F 3-2: Ground out 6-3 (Groundball, 6, EV 86.9 MPH)
|
Bottom of the 7th over - 0 runs, 1 hit, 0 errors, 1 left on base; California 6 - Seattle 4 |
TOP OF THE 8TH |
California Angels batting - Pitching for Seattle Mariners : RHP Jesse Crockett
|
Pitching: LHP Lance Crumpton
|
|
Batting: SHB Mario Padron
|
0-0: Called Strike 0-1: Ball 1-1: Foul Ball, location: 2F 1-2: Foul Ball, location: 2F 1-2: Foul Ball, location: 2F 1-2: Ball 2-2: Strikes out looking
|
Batting: LHB Micah Miller
|
0-0: Ball 1-0: Ball 2-0: Called Strike 2-1: Ground out 5-3 (Groundball, 56S, EV 82.5 MPH)
|
Batting: LHB Javier Trujillo
|
0-0: Called Strike 0-1: Swinging Strike 0-2: Ball 1-2: Ball 2-2: Strikes out swinging
|
Top of the 8th over - 0 runs, 0 hits, 0 errors, 0 left on base; California 6 - Seattle 4 |
BOTTOM OF THE 8TH |
Seattle Mariners batting - Pitching for California Angels : RHP Ben Sedlacek
|
Now in RF: Jack Bell
|
|
Batting: RHB Harutomi Matsubara
|
0-0: Called Strike 0-1: Ball 1-1: Called Strike 1-2: Ball 2-2: Foul Ball, location: 2F 2-2: Fly out, F8 (Flyball, 8LS, EV 92.5 MPH)
|
Batting: RHB Malik Brookshire
|
0-0: Foul Ball, location: 2F 0-1: Ball 1-1: Ground out 5-3 (Groundball, 5S, EV 74.4 MPH)
|
Batting: RHB Young-kwang Ohnn
|
0-0: Ball 1-0: Ground out 6-3 (Groundball, 6, EV 92.5 MPH)
|
Bottom of the 8th over - 0 runs, 0 hits, 0 errors, 0 left on base; California 6 - Seattle 4 |
TOP OF THE 9TH |
California Angels batting - Pitching for Seattle Mariners : LHP Lance Crumpton
|
Pitching: LHP David Anaya
|
|
Batting: RHB Jasper Burd
|
0-0: Fly out, F6 (Line Drive, 6MD, EV 70.6 MPH)
|
Batting: RHB Mike Harkins
|
0-0: Ground out 6-3 (Groundball, 6, EV 106.2 MPH)
|
Batting: RHB Danny Odom
|
0-0: Ball 1-0: Fly out, F7 (Flyball, 7S, EV 83.8 MPH)
|
Top of the 9th over - 0 runs, 0 hits, 0 errors, 0 left on base; California 6 - Seattle 4 |
BOTTOM OF THE 9TH |
Seattle Mariners batting - Pitching for California Angels : RHP Ben Sedlacek
|
Pitching: RHP Dave Thomas
|
|
Batting: LHB Bi-jun Chien
|
0-0: Ball 1-0: Called Strike 1-1: DOUBLE (Flyball, 8LXD, EV 112.5 MPH)
|
Batting: SHB Floyd-William Goof
|
0-0: Ball 1-0: Ball 2-0: Called Strike 2-1: Foul Ball, location: 2F 2-2: Ball 3-2: Base on Balls
|
Batting: RHB Jimmy Hammertime
|
0-0: Called Strike 0-1: Ball 1-1: Called Strike 1-2: Foul Ball, location: 2F 1-2: Ball 2-2: 3-RUN HOME RUN (Flyball, 7LD, EV 94.4 MPH), Distance : 348 ft
|
Bottom of the 9th over - 3 runs, 2 hits, 0 errors, 0 left on base; California 6 - Seattle 7 |
|